 Dungeon Crawl Stone Soup version 0.27-a0-1060-gcb85b5eba1 (webtiles) character file.

Game seed: 3585499889979084511

77 Morbidden the Covered (level 4, 18/42 HPs)
             Began as a Deep Dwarf Fighter on Apr 21, 2021.
             Quit the game on level 2 of the Dungeon.
             The game lasted 00:01:50 (1664 turns).

Morbidden the Covered (Deep Dwarf Fighter)          Turns: 1664, Time: 00:01:51

Health: 18/42      AC:  4    Str: 20    XL:     4   Next: 14%
Magic:  4/4        EV:  7    Int:  9    God:
Gold:   55         SH:  9    Dex: 14    Spells: 3/3 levels left

rFire    . . .     SeeInvis .   a - +0 war axe
rCold    . . .     Faith    .   c - +0 kite shield
rNeg     . . .     Spirit   .   b - +0 scale mail
rPois    .         Reflect  .   (no helmet)
rElec    .         Harm     .   (no cloak)
rCorr    .         Rampage  .   (no gloves)
Will     .....     Rnd*Rage +   (no boots)
Stlth    ..........             (no amulet)
HPRegen  0.00/turn              (no ring)
MPRegen  0.09/turn              (no ring)

@: non-regenerating
A: damage resistance, heal wounds, sense surroundings 1, no regeneration, hooves
1, agile 1, berserk 1, deformed body
a: Heal Wounds


You were on level 2 of the Dungeon.
You visited 1 branch of the dungeon, and saw 2 of its levels.

You collected 97 gold pieces.
You spent 42 gold pieces at shops.

Inventory:

Hand Weapons
 a - a +0 war axe (weapon)
Armour
 b - a +0 scale mail (worn)
 c - a +0 kite shield (worn)
Scrolls
 g - a scroll of enchant weapon {unknown}
 h - 3 scrolls of magic mapping
Potions
 d - 2 potions of might
 e - a potion of heal wounds {unknown}
 f - a potion of berserk rage {unknown}
 i - a potion of degeneration {unknown}
 j - 3 potions of attraction
 l - a potion of haste {unknown}


   Skills:
 + Level 3.1 Fighting
 + Level 3.2 Axes
 + Level 3.9 Armour
 + Level 0.1 Dodging
 + Level 3.9 Shields
 * Level 0.2 Spellcasting


You had 3 spell levels left.
You didn't know any spells.
Your spell library contained the following spells:

 Spells                   Type           Power      Damage    Failure   Level
 Animate Skeleton         Necr           0%         N/A       99%         1
 Pain                     Necr           0%         1d4       99%         1
 Summon Small Mammal      Summ           0%         N/A       99%         1
 Call Imp                 Summ           0%         N/A       100%        2
 Call Canine Familiar     Summ           0%         N/A       100%        3
 Summon Guardian Golem    Hex/Summ       0%         N/A       100%        3
 Vampiric Draining        Necr           0%         2d6       100%        3
 Animate Dead             Necr           0%         N/A       100%        4
 Summon Ice Beast         Ice/Summ       0%         N/A       100%        4
 Summon Lightning Spire   Summ/Air       0%         N/A       100%        4
 Agony                    Necr           0%         N/A       100%        5


Dungeon Overview and Level Annotations

Branches:
Dungeon (2/15)

Altars:

Shops:
D:2 ?


Innate Abilities, Weirdness & Mutations

You are resistant to damage.
You can heal yourself by infusing magical energy.
You passively map a small area around you.
You do not regenerate.
You have large cloven feet.
You are agile. (Dex +2)
You tend to lose your temper in combat.
Armour fits poorly on your strangely shaped body.


Message History

j - 3 potions of attraction (gained 1)
Found a short sword.
Unknown command.
As you open the door, it creaks loudly!
You open the door.
There is an open door here.
As you open the door, it creaks loudly!
There is an open door here.
h - 3 scrolls of magic mapping (gained 1)
There is a stone staircase leading up, spattered with blood here.
Things that are here:
a +0 club; a +0 robe
Okay, then.
Okay, then.
As you read the scroll of identify, it crumbles to dust.
k - a potion of mutation Unknown command.
You see here a +0 falchion.
There is an open door here.
There is an open door here.
e - a red potion You open the door.
There is an open door here.
As you open the door, it creaks loudly!
There is an open door here.
You open the door.
Found a stone staircase leading up.
There is an open door here.
l - an orange potion
There is an open door here.
There is an open door here.
Done exploring.
Done exploring.
Done exploring.
Really quaff the potion of mutation?
You feel extremely strange.
You feel a little pissed off.
Your body twists and deforms.
Your feet thicken and deform.
You feel agile.
Unknown command.
Are you sure you want to abandon this character and quit the game? (Confirm with "yes".)

#....'.....'..#.#
#...###
######.....##.#.#
###.#
#.....##.#.######.#
#.....##..........#
####.....#.########
#.#####.# #.# #.#
#.#####.# #@......#
#########


There were no monsters in sight!

Vanquished Creatures
  Jessica (D:2)
  An adder (D:2)
  4 ball pythons
  2 bats (D:1)
  3 endoplasms
  3 giant cockroaches (D:2)
  5 goblins
  5 hobgoblins
  6 kobolds
  3 quokkas
  3 frilled lizards (D:2)
  2 rats (D:1)
38 creatures vanquished.

Notes
Turn   | Place    | Note
-------+----------+-------------------------------------------
     0 | D:1      | Morbidden the Deep Dwarf Fighter began the quest for the
                  | Orb.
     0 | D:1      | Reached XP level 1. HP: 20/20 MP: 1/1
   287 | D:1      | Reached XP level 2. HP: 21/27 MP: 2/2
   949 | D:2      | Found a faded altar of an unknown god.
   960 | D:2      | Noticed Jessica
   966 | D:2      | Killed Jessica
   967 | D:2      | Reached XP level 3. HP: 22/34 MP: 3/3
  1115 | D:2      | Found Osmiaqoq's Magic Scroll Emporium.
  1129 | D:2      | Reached XP level 4. HP: 22/42 MP: 4/4
  1133 | D:2      | Bought a scroll of magic mapping for 42 gold pieces
  1663 | D:2      | Gained mutation: You tend to lose your temper in combat.
                  | [potion of mutation]
  1663 | D:2      | Gained mutation: Armour fits poorly on your strangely
                  | shaped body. [potion of mutation]
  1663 | D:2      | Gained mutation: You have large cloven feet. [potion of
                  | mutation]
  1663 | D:2      | Gained mutation: You are agile. (Dex +2) [potion of
                  | mutation]
  1664 | D:2      | Quit the game

Illustrated notes

Levels and vault maps discovered:
D:1:      heliophobic_arrival_battle_scene, layout_loops_corners,
          minmay_quantized
D:2:      layout_basic, serial_shops, shop, hellmonk_ecumenical_altar_blasted,
          uniq_jessica

Skill      XL: |  1  2 |
---------------+-------+-----
Fighting       | 3 |  3.1
Axes           | 3 |  3.2
Armour         | |  3.9
Dodging        | |  0.1
Shields        | |  3.9
Spellcasting   | |  0.2

Action                   |  1- 3 |  4- 6 || total
-------------------------+-------+-------++-------
Melee: War axe           |    77 |    24 ||   101
  Use: Scroll            |     1 |     1 ||     2
       Potion            |       |     1 ||     1
Armor: Scale mail        |    44 |    18 ||    62
Dodge: Dodged            |    23 |    10 ||    33
Block: Kite shield       |    45 |    20 ||    65

Table legend: (Time is in decaauts)
 A = Elapsed time spent in this place.
 B = Non-inter-level travel time spent in this place.
 C = Inter-level travel time spent in this place.
 D = Time resting spent in this place.
 E = Time spent auto-exploring this place.
 F = Levels seen in this place.
 G = Mean time per level.
                   A        B        C        D        E       F      G
               +--------+--------+--------+--------+--------+-----+--------+
         Total |   1728 |   1703 |     25 |      0 |   1404 |   2 |  864.0 |
       Dungeon |   1728 |   1703 |     25 |      0 |   1404 |   2 |  864.0 |
               +--------+--------+--------+--------+--------+-----+--------+

Top non-repeatable levels by time:
     D:1: 960 daAuts
     D:2: 767 daAuts
